 Dungeon Crawl Stone Soup version 0.25.0-26-g0c896c7088 (webtiles) character file.

Game seed: 13935906364087760395

206 protoss039 the Covert (level 5, -8/26 HPs)
             Began as a Vampire Assassin on July 3, 2020.
             Killed from afar by an orc wizard (10 damage)
             ... with a magic dart
             ... on level 4 of the Dungeon.
             The game lasted 00:07:25 (3902 turns).

protoss039 the Covert (Vampire Assassin)            Turns: 3902, Time: 00:07:25

Health: -8/26      AC:  0    Str:  8 (10) XL:     5   Next: 53%
Magic:  5/5        EV: 20    Int: 11 (13) God:
Gold:   129        SH:  0    Dex: 20 (22) Spells: 4/4 levels left

rFire    . . .     SeeInvis +   (weapon currently unavailable)
rCold    + + .     Gourm    .   (shield currently unavailable)
rNeg     + + +     Faith    .   (armour currently unavailable)
rPois    ∞         Spirit   .   (helmet currently unavailable)
rElec    .         Reflect  .   (cloak currently unavailable)
rCorr    .         Harm     .   (gloves currently unavailable)
MR       .....                  (boots currently unavailable)
Stlth    ++++++....             (no amulet)
HPRegen  0.00/turn              (ring currently unavailable)
MPRegen  0.09/turn              (ring currently unavailable)

@: bat-form, flying, bloodless, slowed, quick
A: tiny, no food, fangs 3, see invisible, [frail 1]
a: Revivify, End Transformation


You were on level 4 of the Dungeon.
You were bloodless.
You were in vampire-bat-form.
You visited 1 branch of the dungeon, and saw 4 of its levels.

You collected 129 gold pieces.

Inventory:

Hand Weapons
 h - a +2 short sword of protection (melded)
Missiles
 d - 3 poisoned darts (quivered)
 e - 5 curare-tipped darts
Armour
 b - a +0 robe (melded)
 c - a +0 cloak (melded)
Jewellery
 r - a cursed -4 ring of strength {unknown}
Wands
 o - a wand of random effects (28)
Scrolls
 a - a scroll of enchant weapon {unknown}
 f - 4 scrolls of identify {unknown}
 j - 3 scrolls of teleportation {unknown}
 k - 3 scrolls of remove curse {unknown}
 m - a scroll of blinking {unknown}
 p - 3 scrolls of random uselessness {unknown}
Potions
 g - 2 potions of stabbing {unknown}
 i - 2 potions of haste {unknown}
 l - a potion of heal wounds {unknown}
 n - a potion of curing
 q - a potion of cancellation {unknown}


   Skills:
 + Level 2.1 Fighting
 + Level 3.7 Short Blades
 - Level 1.5 Throwing
 + Level 2.2 Dodging
 + Level 8.8 Stealth


You had 4 spell levels left.
You didn't know any spells.
Your spell library was empty.

Dungeon Overview and Level Annotations

Branches:
Dungeon (4/15)
 Temple: D:4-7

Altars:
Elyvilon
Kikubaaqudgha
Makhleb
Nemelex Xobeh
Okawaru
Uskayaw
Xom


Innate Abilities, Weirdness & Mutations

You do not eat.
You do not regenerate when monsters are visible.
You are frail without blood (-20% HP).
You can heal yourself when you bite living creatures.
You are immune to poison.
You have razor-sharp teeth.
You have supernaturally acute eyesight. (SInv)
((You can survive without breathing.))
[You are frail. (-10% HP)]


Message History

The orc wizard mumbles some strange words.
The orc wizard seems to speed up.
The orc wizard gestures wildly while chanting.
The orc wizard blinks!
The ogre shouts!
You strike the helpless orc wizard from behind!
You hit the orc wizard but do no damage.
You bite the orc wizard, but do no damage.
The orc wizard misses you.
You barely miss the orc wizard.
The orc wizard hits you with a +0 dagger.
* * * LOW HITPOINT WARNING * * *
You hit the orc wizard but do no damage.
The orc wizard mumbles some strange words.
The orc wizard blinks!
The orc wizard points at you and mumbles some strange words.
You feel yourself slow down. The orc wizard casts a spell at you.
The magic dart hits you!
You die...

###'## #.##.#.#
##...## #.##.#.#
#.....## #...o..#
.......## ##.#.###
........####....#
........'......>#
........####....###
.......####..o..(.#
#....<###.o.....b.#
##...## #.#.###.#.#
###'#####.#.###.#.#
.......##.#.#...#.#
.##.##.##.#.#.###.#
.##.##.##.#.......#
.#...#.##.........#
.....(<######.#####
.#....((......#


You could see 2 orc wizards and an orc.

Vanquished Creatures
  A worker ant (D:4)
  3 gnolls (D:3)
  A howler monkey skeleton (D:4)
  4 adders
  A shadow imp (D:3)
  3 oozes
  A worm (D:2)
  2 leopard geckos
  5 orcs (D:3)
  2 ball pythons
  8 bats
  9 giant cockroaches
  7 goblins
  9 hobgoblins
  2 jackals (D:1)
  9 kobolds
  2 quokkas
  A frilled lizard (D:2)
  A leopard gecko skeleton (D:4)
  3 rats
74 creatures vanquished.

Notes
Turn   | Place    | Note
-------+----------+-------------------------------------------
     0 | D:1      | protoss039 the Vampire Assassin began the quest for the
                  | Orb.
     0 | D:1      | Reached XP level 1. HP: 16/16 MP: 1/1
     6 | D:1      | Reached skill level 6 in Stealth
    61 | D:1      | Reached XP level 2. HP: 9/17 MP: 2/2
   463 | D:1      | Reached skill level 7 in Stealth
  1073 | D:2      | Reached XP level 3. HP: 21/21 MP: 3/3
  1186 | D:2      | Found a shimmering altar of Xom.
  1188 | D:2      | Found a snail-covered altar of Cheibriados.
  1188 | D:2      | Found an iron altar of Okawaru.
  1190 | D:2      | Found a hazy altar of Hepliaklqana.
  1190 | D:2      | Found a hide-covered altar of Uskayaw.
  1190 | D:2      | Found a blossoming altar of Fedhas.
  1342 | D:2      | Reached XP level 4. HP: 26/26 MP: 4/4
  1483 | D:2      | Found an iron altar of Okawaru.
  2026 | D:3      | Noticed a +0 hand axe
  2027 | D:3      | Noticed a +0 hand axe
  2287 | D:3      | Reached skill level 8 in Stealth
  2345 | D:3      | Found a hide-covered altar of Uskayaw.
  2492 | D:3      | Reached XP level 5. HP: 30/30 MP: 5/5
  2510 | D:3      | Found a burning altar of Makhleb.
  2608 | D:3      | Found a white marble altar of Elyvilon.
  2776 | D:3      | Found a sparkling altar of Nemelex Xobeh.
  3620 | D:4      | Found an ancient bone altar of Kikubaaqudgha.
  3654 | D:4      | Noticed an ogre
  3902 | D:4      | Killed from afar by an orc wizard

Illustrated notes

Levels and vault maps discovered:
D:1:      matt_arrival_debris, layout_loops_ring
D:2:      layout_basic, lemuel_round_altar, doesnt_xom_only_xom
D:3:      layout_loops_cross, nemelex_xobeh_ov_fountains_minmay,
          dancing_weapons_uskayaw, bloody_makhleb, marbit_many_paths,
          first_ration
D:4:      layout_loops_corners, lemuel_doored_altar, serial_park_tiny_pond

Skill      XL: |  1  2  3  4 |
---------------+-------------+-----
Stealth        | 6 7 8 |  8.8
Short Blades   | 3 |  3.7
Fighting       | 2 |  2.1
Dodging        | 2 |  2.2
Throwing       | |  1.5

Action                   |  1- 3 |  4- 6 || total
-------------------------+-------+-------++-------
Melee: Dagger            |    40 |       ||    40
       Bite              |     7 |    11 ||    18
       Short sword       |    50 |   119 ||   169
       Unarmed           |       |     3 ||     3
Throw: Dart              |       |    18 ||    18
 Abil: Exsanguinate      |     1 |     1 ||     2
       Bat Form          |       |     1 ||     1
       Revivify          |       |     1 ||     1
 Stab: Sleeping          |    12 |    18 ||    30
       Distracted        |       |     2 ||     2
Armor: Robe              |    26 |    31 ||    57
Dodge: Dodged            |    58 |    75 ||   133
